 Dungeon Crawl Stone Soup version 0.21.0-3-g78d12a8 (webtiles) character file.

115 Monsterracer the Chopper (level 5, 0/70 HPs)
             Began as a Hill Orc Chaos Knight on Jan 9, 2018.
             Slain by an orc
             ... wielding a +2 mace of holy wrath
              (1 damage)
             ... on level 3 of the Dungeon.
             The game lasted 00:05:41 (2573 turns).

Monsterracer the Chopper (Hill Orc Chaos Knight)    Turns: 2573, Time: 00:05:41

Health: 0/70       AC: 22    Str: 16    XL:     5   Next: 0%
Magic:  5/5        EV:  2    Int: 12    God:    Xom [......]
Gold:   86         SH:  0    Dex: 15    Spells: 4/4 levels left

rFire    . . .     SeeInvis .   b - +0 hand axe (chaos)
rCold    . . .     Gourm    .   (no shield)
rNeg     + + +     Faith    .   (armour currently unavailable)
rPois    +         Spirit   .   (helmet currently unavailable)
rElec    .         Reflect  .   (cloak currently unavailable)
rCorr    .         Harm     .   (gloves currently unavailable)
MR       .....     NoTele   +   (boots currently unavailable)
Stlth    ++........             (no amulet)
HPRegen  0.21/turn              g - ring of wizardry
MPRegen  0.09/turn              (no ring)

@: agile, tree-form, drained
A: no striking features
a: Renounce Religion


You were on level 3 of the Dungeon.
You worshipped Xom.
You were a very special plaything of Xom.
You were not hungry.
You were a tree.
You visited 1 branch of the dungeon, and saw 3 of its levels.

You collected 86 gold pieces.

Inventory:

Hand Weapons
 a - a +0 hand axe
 b - a +0 hand axe of chaos (weapon)
Armour
 f - a +0 chain mail
 h - a +0 helmet (melded)
 i - a +2 leather armour (melded)
Jewellery
 g - a ring of wizardry (left branch)
Scrolls
 d - 2 scrolls of remove curse
 e - 3 scrolls of identify {unknown}
 k - a scroll of noise {unknown}
 l - a scroll of random uselessness {unknown}
 n - a scroll of fear {unknown}
Comestibles
 c - 5 rations
 o - a chunk of flesh


   Skills:
 + Level 4.4(4.0) Fighting
 * Level 5.6(5.2) Axes
 + Level 3.1(2.7) Armour
 - Level 1.5(1.1) Dodging


You had 4 spell levels left.
You didn't know any spells.

Dungeon Overview and Level Annotations

Branches:
Dungeon (3/15)

Altars:

Annotations:
D:3 removed's ghost, amateur HaFE


Innate Abilities, Weirdness & Mutations

((You have sharp toenails.))


Message History

You closely miss the giant cockroach.
The kobold throws a stone.
The stone barely misses you. The giant cockroach bites you.
The goblin shoots a stone.
The stone barely misses you.
You take 1 damage, and have 30/41 hp.
The kobold hits you but does no damage. The giant cockroach closely misses you.
You hit the orc but do no damage. You barely miss the kobold.
You hit the giant cockroach.
The goblin shoots a stone.
The stone hits you but does no damage. The giant cockroach closely misses you.
The kobold hits you but does no damage. The orc hits you with a whip.
You take 3 damage, and have 27/41 hp.
You barely miss the orc. You claw the orc.
The orc is severely wounded.
You closely miss the giant cockroach. You barely miss the kobold.
You closely miss the orc.
The giant cockroach bites you but does no damage.
The kobold barely misses you. The orc closely misses you.
The orc barely misses you.
You completely miss the orc. You claw the orc, but do no damage.
The orc is severely wounded.
You hit the giant cockroach. You barely miss the kobold.
You barely miss the orc. The giant cockroach bites you.
The kobold hits you but does no damage. The orc closely misses you.
The giant cockroach waves its antennae.
The giant cockroach bites you.
The orc hits you with a mace of holy wrath.
* * * LOW HITPOINT WARNING * * *
You take 9 damage, and have 18/41 hp.
MASSIVE DAMAGE!!
The kobold throws a stone.
The stone misses you.
You see here a stone.
Your +0 hand axe of chaos is briefly surrounded by a scintillating aura of random colours.
b - a +0 hand axe of chaos (weapon)
The kobold throws a stone.
The stone barely misses you.
You swing at nothing.
You hit the kobold.
You kill the kobold!
You hit the orc.
You kill the orc!
You hit the giant cockroach. You burn the giant cockroach.
You kill the giant cockroach! "Fight to survive, mortal."
You completely miss the orc. You claw the orc, but do no damage.
You hit the soul eater but do no damage.
The orc completely misses you.
The soul eater draws from the surrounding life force!
* * * LOW HITPOINT WARNING * * *
You take 13 damage, and have 6/41 hp.
MASSIVE DAMAGE!!
Okay, then.
It was a potion of lignification.
You turn into a tree.
Your +0 helmet melds into your body.
Your +2 leather armour melds into your body.
Your roots penetrate the ground.
Xom thinks this is hilarious!
The orc hits you but does no damage.
The soul eater hits you but does no damage.
You now have 9/61 hp.
You hit the orc but do no damage.
You hit the soul eater but do no damage.
The orc hits you but does no damage.
The soul eater hits you but does no damage.
You closely miss the orc. You hit the soul eater.
The soul eater seems to slow down.
The soul eater is no longer moving slowly.
The orc hits you with a hand axe.
* * * LOW HITPOINT WARNING * * *
You take 3 damage, and have 6/61 hp.
You hit the orc but do no damage.
The orc is briefly tinged with black.
You barely miss the soul eater.
The soul eater hits you but does no damage.
The orc barely misses you.
You hit the orc.
The orc is poisoned.
The orc is heavily wounded.
You hit the soul eater but do no damage.
The soul eater appears confused.
The soul eater hits you.
* * * LOW HITPOINT WARNING * * *
The orc hits you but does no damage.
You take 2 damage, and have 4/61 hp.
You hit the orc. You burn the orc.
You kill the orc!
You have reached level 5!
You feel stronger.
You barely miss the soul eater.
The soul eater hits the shadow imp!!
The shadow imp is killed!
The goblin shoots a stone.
The stone hits you but does no damage.
MP restored: 5 You completely miss the orc.
You hit the soul eater but do no damage.
The soul eater barely misses you. The orc hits you but does no damage.
You closely miss the orc.
You hit the soul eater but do no damage.
The orc hits you with a mace of holy wrath.
* * * LOW HITPOINT WARNING * * *
You take 4 damage, and have 1/70 hp.
It was a potion of agility.
You feel agile all of a sudden.
You hit the orc. You freeze the orc.
The orc is almost dead.
The soul eater seems less confused.
The orc hits you with a mace of holy wrath.
You die... "I guess I need a new plaything now."

#### ...
######.####
.......(..##
##.........#####
...#..(...go♣3.#
#.....÷)..###.#
##.#(.<((((g$.#
#......)o......
#.?............
##......##.##..
#$...%.# .# #
#......# .
#..#.#.# #


You could see a soul eater, an orc and a goblin.

Vanquished Creatures
  4 adders (D:2)
  A dart slug (D:1)
  3 orcs (D:3)
  2 ball pythons
  3 giant cockroaches
  7 goblins
  11 hobgoblins
  5 jackals
  3 quokkas
  11 bats
  A frilled lizard (D:1)
  10 kobolds
  5 rats
66 creatures vanquished.

Notes
Turn   | Place    | Note
-------+----------+-------------------------------------------
     0 | D:1      | Monsterracer the Hill Orc Chaos Knight began the quest for the Orb.
     0 | D:1      | Reached XP level 1. HP: 19/19 MP: 1/1
   103 | D:1      | XOM: silly message
   182 | D:1      | Reached skill level 1 in Dodging
   182 | D:1      | Reached XP level 2. HP: 27/27 MP: 2/2
   227 | D:1      | XOM: silly message
   260 | D:1      | XOM: confusion
   525 | D:1      | XOM: medium Necr miscast
   657 | D:1      | Reached XP level 3. HP: 33/33 MP: 3/3
   727 | D:1      | XOM: severe Chrm miscast
   741 | D:1      | Gained mutation: You have sharp toenails. [mutagenic glow]
   793 | D:1      | XOM: torment (18/33 hp)
  1524 | D:2      | XOM: noise
  1609 | D:2      | Reached skill level 5 in Axes
  1609 | D:2      | Reached XP level 4. HP: 36/40 MP: 4/4
  1661 | D:2      | XOM: 1-stop teleportation journey
  1895 | D:2      | XOM: noise
  1941 | D:2      | XOM: mild Air miscast
  2376 | D:3      | Noticed removed's ghost (amateur HaFE)
  2382 | D:3      | XOM: summons 2 hostile demons
  2385 | D:3      | XOM: summons friendly crimson imp
  2386 | D:3      | XOM: butterfly on damage
  2509 | D:2      | XOM: summons 2 hostile demons
  2510 | D:2      | Noticed a chaos spawn
  2554 | D:3      | HP: 18/41 [orc/mace of holy wrath (6)]
  2562 | D:3      | XOM: summons 2 hostile demons
  2563 | D:3      | Noticed a soul eater
  2563 | D:3      | HP: 6/41 [soul eater/drain life[Xom] (14)]
  2568 | D:3      | HP: 4/61 [soul eater[Xom] (3)]
  2569 | D:3      | Reached XP level 5. HP: 4/47 MP: 5/5
  2571 | D:3      | HP: 1/70 [orc/mace of holy wrath (4)]
  2573 | D:3      | Slain by an orc

Skill      XL: |  1  2  3  4 |
---------------+-------------+-----
Dodging        | 1 |  1.5
Fighting       | 4 |  4.4
Axes           | 5 |  5.6
Armour         | 3 |  3.1

Action                   |  1- 3 |  4- 6 || total
-------------------------+-------+-------++-------
Melee: Hand axe          |    92 |    77 ||   169
       Kick              |    10 |    16 ||    26
  Use: Potion            |       |     2 ||     2
       Scroll            |       |     1 ||     1
  Eat: Chunk             |     2 |     3 ||     5
Armor: Leather armour    |    42 |    28 ||    70
       Skin              |       |     7 ||     7
Dodge: Dodged            |    80 |    59 ||   139

Vault maps used:
D:1:      sevenhm_arrival_forest_fort_large_2, amethyst_killhole,
          minmay_distorted
D:2:      minmay_tiny_reverse_x
D:3:      first_ration
